 Dungeon Crawl Stone Soup version 0.30-a0-726-gd89dcf765f (webtiles) character file.

Game seed: 874659492306113540

5950 BaabKaare the Grappler (level 10, -17/92 HPs)
             Began as a Black Draconian Transmuter on Jan 29, 2023.
             Was a Priest of the Shining One.
             Demolished by a two-headed ogre
             ... wielding a +0 great mace
              (21 damage)
             ... on level 9 of the Dungeon.
             The game lasted 00:26:15 (11443 turns).

BaabKaare the Grappler (DrTm)                      Turns: 11443, Time: 00:26:16

Health: -17/92     AC:  7    Str: 16 (17) XL:     10   Next: 54%
Magic:  18/20      EV: 12    Int: 11 (13) God:    the Shining One [***...]
Gold:   374        SH:  0    Dex: 16 (18) Spells: 12/22 levels left

rFire   x . .      SeeInvis .      - Unarmed
rCold   + + +      Faith    .    (shield currently unavailable)
rNeg    + . .      Spirit   .    (body armour unavailable)
rPois   +          Reflect  .    (helmet currently unavailable)
rElec   .          Harm     .    (cloak currently unavailable)
rCorr   .          Rampage  .    (gloves currently unavailable)
Will    .....                    (boots currently unavailable)
Stlth   +                        (no amulet)
HPRegen 0.35/turn                B - +6 ring of dexterity
MPRegen 0.17/turn                (no ring)

@: brilliant, ice-form, marked, glowing
A: freezing attack, amphibious, boosted hp, (breathe lightning), AC +7, large,
unfitting armour, (electricity resistance), (cold-blooded)
a: End Transformation, Renounce Religion, Divine Shield, Cleansing Flame


You were on level 9 of the Dungeon.
You worshipped the Shining One.
The Shining One was most pleased with you.
You were a creature of crystalline ice.
You visited 1 branch of the dungeon, and saw 9 of its levels.
You also visited: Sewer.

You collected 374 gold pieces.

Inventory:

Hand Weapons
 E - the +7 lajatang of Order {silver, rMut}
   (You found it on level 6 of the Dungeon)

   rMut:      It protects you from mutation.
Missiles
 F - 2 throwing nets
Armour
 m - a +0 pair of gloves (melded)
Jewellery
 B - a +6 ring of dexterity (left front paw)
Wands
 D - a wand of light (5)
 G - a wand of mindburst (12)
 H - a wand of polymorph (11)
Scrolls
 b - 2 scrolls of teleportation {unknown}
 d - a scroll of fear {unknown}
 h - 2 scrolls of amnesia {unknown}
 i - a scroll of acquirement {unknown}
 k - 9 scrolls of identify {unknown}
 l - 3 scrolls of poison {unknown}
 n - a scroll of silence {unknown}
 o - a scroll of immolation {unknown}
 q - a scroll of vulnerability {unknown}
 t - a scroll of magic mapping {unknown}
 u - 2 scrolls of fog {unknown}
 x - 2 scrolls of butterflies {unknown}
 y - 3 scrolls of torment {unknown}
 A - a scroll of enchant armour {unknown}
Potions
 a - a potion of lignification
 c - a potion of brilliance
 e - a potion of attraction {unknown}
 f - 2 potions of degeneration
 g - 2 potions of heal wounds {unknown}
 j - 3 potions of flight {unknown}
 p - a potion of cancellation {unknown}
 r - 3 potions of resistance {unknown}
 s - 4 potions of curing {unknown}
 v - 2 potions of haste {unknown}
 w - 3 potions of magic {unknown}
 z - a potion of might {unknown}
 C - 4 potions of mutation {unknown}


   Skills:
 + Level 3.3 Fighting
 + Level 5.1 Dodging
 + Level 2.6 Stealth
 + Level 10.1 Unarmed Combat
 + Level 6.9 Spellcasting
 + Level 6.8 Transmutations
 + Level 3.3 Ice Magic
 + Level 2.5 Poison Magic


You had 12 spell levels left.
You knew the following spells:

 Your Spells              Type           Power      Damage    Failure   Level
a - Beastly Appendage     Tmut           56%        N/A       1%          1
b - Wereblood             Tmut           28%        N/A       1%          2
c - Spider Form           Tmut/Pois      21%        N/A       8%          3
d - Ice Form              Ice/Tmut       22%        N/A       22%         4

Your spell library contained the following spells:

 Spells                   Type           Power      Damage    Failure   Level
 Passwall                 Tmut/Erth      14%        N/A       6%          2
 Frozen Ramparts          Ice            32%        1d5       14%         3
 Ozocubu's Armour         Ice            16%        N/A       14%         3
 Apportation              Tloc           10%        N/A       19%         1
 Necrotise                Necr           20%        1d5       19%         1
 Sandblast                Erth           10%        2d5       19%         1
 Summon Small Mammal      Summ           20%        N/A       19%         1
 Confusing Touch          Hex            5%         N/A       47%         3
 Dazzling Flash           Conj/Hex       10%        N/A       47%         3
 Inner Flame              Hex/Fire       5%         N/A       47%         3
 Stone Arrow              Conj/Erth      10%        3d7       47%         3
 Summon Ice Beast         Ice/Summ       11%        N/A       65%         4
 Anguish                  Hex/Necr       2%         N/A       87%         4
 Flame Wave               Conj/Fire      5%         2d5       87%         4
 Sticky Flame             Conj/Fire      5%         2d3       87%         4
 Enfeeble                 Hex            2%         N/A       100%        7
 Ozocubu's Refrigeration  Ice            8%         4d9       100%        7


Dungeon Overview and Level Annotations

Branches:
Dungeon (9/15)             Temple (0/1) D:5           Sewer (visited)
   Lair: D:8-11         Orc: D:9-12

Altars:
Hepliaklqana
Trog
Vehumet
Wu Jian
The Shining One


Innate Abilities, Weirdness & Mutations

You are a creature of crystalline ice.
You have a powerful freezing melee attack.
You are amphibious.
Your maximum health is increased.
Your armour is entirely melded.
You are incapable of wielding weapons or throwing items.
((You can breathe wild blasts of lightning.))
((Your glossy black scales are hard. (AC +7)))
You cannot fit into any form of body armour.
((You are resistant to electric shocks. (rElec)))
((You are cold-blooded and may be slowed by cold attacks.))


Message History

Harold looks down at his mortal wounds and cries, "But... this was my last day before retirement..."
You hear a splash. x4
Your Unarmed Combat skill increases to level 10!
You start resting.
Your primal bloodlust is almost over.
You start resting.
Your primal bloodlust has ended.
You start resting.
Your transformation is almost over.
A two-headed ogre comes into view.
It is wielding a +0 great mace and a +0 giant spiked club.
There is a stone staircase leading up here.
You see here a throwing net.
It was a potion of brilliance.
You feel clever all of a sudden.
It was a potion of degeneration.
There was something very wrong with that liquid.
You feel weakened.
You feel dopey.
You feel clumsy.
You warm up again.
Your +0 pair of gloves unmelds from your body.
Casting: Ice Form (dangerous; 22% risk of failure)
Confirm with . or Enter, or press ? or * to list all spells.
You feel a surge of power!
You turn into a creature of crystalline ice.
Your +0 pair of gloves melds into your body.
The two-headed ogre hits you with a +0 great mace!
* * * LOW HITPOINT WARNING * * *
The two-headed ogre hits you with a +0 giant spiked club.
The Shining One protects you from harm!
You punch the two-headed ogre! You freeze the two-headed ogre.
The two-headed ogre is lightly wounded.
You hit the two-headed ogre. You freeze the two-headed ogre.
The two-headed ogre is moderately wounded.
The two-headed ogre hits you but does no damage.
The two-headed ogre closely misses you.
You hit the two-headed ogre. You freeze the two-headed ogre.
The two-headed ogre is moderately wounded.
You punch the two-headed ogre! You freeze the two-headed ogre.
The two-headed ogre is severely wounded.
The two-headed ogre hits you with a +0 great mace!!
You die...

#.≈≈≈≈.~~~~≈.#
..~≈~~.(.....#
#.......~~≈~.#
#.~~~~~.~≈≈~.#
#.~≈≈≈~.~≈≈~.#
#.≈≈≈≈~.)≈≈≈.##
?.~~~≈~.~†≈~..#
#.............####
###....OY.<.......
##...###########
#.... ##... #...
#... #.


You could see a two-headed ogre.

Vanquished Creatures
  Harold (D:9)
  Joseph (D:7)
  Maggie (D:7)
  A hornet (D:8)
  Sigmund (D:6)
  4 yaks (D:8)
  A steam dragon (D:8)
  Menkaure (D:7)
  A water moccasin (D:7)
  An orc warrior (D:6)
  6 sky beasts
  An ice beast (D:5)
  2 centaurs (D:6)
  3 ogres
  A phantom (D:4)
  A kobold brigand (D:6)
  Blork the orc (D:6)
  6 bullfrogs
  A gnoll sergeant (D:7)
  2 scorpions (D:6)
  13 wights
  3 killer bees (D:8)
  An electric eel (D:9)
  2 howler monkeys (D:7)
  A jelly (D:6)
  2 hounds (D:6)
  An orc priest (D:3)
  2 gnoll boudas (D:7)
  2 iguanas
  2 orc wizards
  11 gnolls (D:7)
  16 adders
  2 white imps (D:6)
  2 ufetubi (D:5)
  4 worms
  2 dart slugs (D:4)
  16 orcs
  2 endoplasms
  16 giant cockroaches
  14 goblins
  2 hobgoblins (D:2)
  7 quokkas
  6 ball pythons
  3 bats
  9 frilled lizards
  9 kobolds
  6 rats
193 creatures vanquished.

Vanquished Creatures (others)
  A plant (D:6)
1 creature vanquished.

Grand Total: 194 creatures vanquished

Notes
Turn   | Place    | Note
-------+----------+-------------------------------------------
     0 | D:1      | BaabKaare the Draconian Transmuter began the quest for the
                  | Orb.
     0 | D:1      | Reached XP level 1. HP: 16/16 MP: 3/3
   438 | D:1      | Reached XP level 2. HP: 23/23 MP: 3/5
  1075 | D:2      | Found a radiant altar of Vehumet.
  1211 | D:2      | Got the Parchment of Spellbinding
  1331 | D:2      | Found a faded altar of an unknown god.
  1546 | D:2      | Reached XP level 3. HP: 28/28 MP: 4/6
  1985 | D:3      | Learned a level 2 spell: Wereblood
  1989 | D:3      | Learned a level 3 spell: Spider Form
  2213 | D:3      | Reached XP level 4. HP: 30/35 MP: 1/7
  2627 | D:3      | Found an ornate altar of the Wu Jian Council.
  2628 | D:3      | Found a glowing golden altar of the Shining One.
  2746 | D:3      | Reached skill level 4 in Unarmed Combat
  2949 | D:3      | Became a worshipper of the Shining One
  3262 | D:3      | Reached XP level 5. HP: 37/40 MP: 5/9
  3385 | D:3      | You fall into a shaft and drop 2 floors!
  3385 | D:5      | Entered Level 5 of the Dungeon
  3487 | D:4      | Found a glowing drain.
  3514 | Sewer    | Entered a sewer
  4094 | Sewer    | Reached XP level 6. HP: 31/47 MP: 7/10
  4622 | D:4      | Learned a level 4 spell: Ice Form
  4772 | D:4      | Reached * piety under the Shining One
  4794 | D:4      | Reached skill level 5 in Unarmed Combat
  4794 | D:4      | Your scales start taking on a glossy black colour.
  4794 | D:4      | Reached XP level 7. HP: 37/52 MP: 1/12
  4794 | D:4      | Gained mutation: You are resistant to electric shocks.
                  | (rElec) [Black Draconian growth]
  5167 | D:4      | Reached skill level 1 in Poison Magic
  5802 | D:5      | Reached skill level 1 in Stealth
  5878 | D:5      | Found a staircase to the Ecumenical Temple.
  6503 | D:6      | Reached skill level 6 in Unarmed Combat
  6604 | D:6      | Noticed Blork the orc
  6615 | D:6      | Reached XP level 8. HP: 61/61 MP: 8/14
  6617 | D:6      | Killed Blork the orc
  6646 | D:6      | Reached skill level 1 in Ice Magic
  7103 | D:6      | Reached skill level 5 in Transmutations
  7454 | D:6      | Noticed Sigmund
  7465 | D:6      | Killed Sigmund
  7466 | D:6      | Found the +7 lajatang of Order {silver, rMut}
  7538 | D:6      | Reached skill level 7 in Unarmed Combat
  7746 | D:6      | Reached skill level 5 in Spellcasting
  7749 | D:6      | Reached ** piety under the Shining One
  7966 | D:6      | Found a hazy altar of Hepliaklqana.
  8174 | D:6      | Reached XP level 9. HP: 67/67 MP: 9/17
  8901 | D:7      | Found a bloodstained altar of Trog.
  8930 | D:7      | Reached skill level 8 in Unarmed Combat
  9072 | D:7      | Noticed Menkaure
  9079 | D:7      | Killed Menkaure
  9104 | D:7      | Noticed Joseph
  9344 | D:7      | Killed Joseph
  9536 | D:7      | Noticed Maggie
  9549 | D:7      | Killed Maggie
  9616 | D:7      | Reached skill level 9 in Unarmed Combat
  9929 | D:7      | Reached XP level 10. HP: 74/74 MP: 13/19
 10426 | D:8      | Paralysed by a hornet for 3 turns
 10435 | D:8      | Reached skill level 5 in Dodging
 10527 | D:8      | Found a sand-covered staircase.
 10836 | D:8      | Found a transporter.
 10842 | D:8      | Found a transporter.
 10954 | D:8      | Found a radiant altar of Vehumet.
 11092 | D:8      | Reached *** piety under the Shining One
 11395 | D:9      | Noticed Harold
 11413 | D:9      | Killed Harold
 11414 | D:9      | Reached skill level 10 in Unarmed Combat
 11431 | D:9      | Noticed a two-headed ogre
 11439 | D:9      | HP: 3/92 [two-headed ogre/+0 great mace (14)]
 11439 | D:9      | The Shining One protects you from harm!
 11443 | D:9      | Demolished by a two-headed ogre

Illustrated notes

Levels and vault maps discovered:
D:1:      psy_arrival_dodecagon, layout_basic
D:2:      layout_basic, basic_altar, shapermc_ecumenical_altar_mp_vishouse
D:3:      layout_basic, mainiacjoe_overflow_divided_tiny
D:4:      layout_loops_cross, gup_sewer_entry_glass, minmay_ogre_servants
D:5:      layout_basic, minmay_temple_entry_ruins, minmay_chambers_of_fives
D:6:      minmay_evil_eye, layout_loops_corners,
          nicolae_hepliaklqana_hazy_memory, uniq_sigmund, uniq_blork_the_orc
D:7:      layout_loops_ring, mainiacjoe_overflow_concentric_impassable,
          kennysheep_generic_room_7, uniq_maggie, uniq_menkaure, uniq_joseph
D:8:      layout_basic, nicolae_vehumet_radiance,
          lightli_ossuary_entry_decrepit_ruins, grunt_ministairs_6,
          nicolae_diode_stairs
D:9:      wander_kiku_kobolds, layout_basic, due_lair_maze_entry_diamond,
          serial_shops, shop_statue, kennysheep_mini, shop,
          nicolae_shop_bloodbath_and_beyond, minivault_14, uniq_harold,
          uniq_prince_ribbit1

Skill      XL: |  1  2  3  4  5  6  7  8  9 10 |
---------------+-------------------------------+-----
Dodging        | 2 3 4 5 |  5.1
Unarmed Combat | 4 5 6 7 9 10 | 10.1
Spellcasting   | 3 4 5 6 |  6.9
Transmutations | 3 4 5 6 |  6.8
Poison Magic   | 1 2 |  2.5
Stealth        | 1 2 |  2.6
Ice Magic      | 1 2 3 |  3.3
Fighting       | 2 3 |  3.3

Action                     |  1- 3 |  4- 6 |  7- 9 | 10-12 || total
---------------------------+-------+-------+-------+-------++-------
  Melee: Unarmed           |    83 |   162 |   207 |    57 ||   509
         Kick              |    16 |    12 |     1 |       ||    29
         Headbutt          |    12 |     4 |     1 |       ||    17
         Tailslap          |     9 |     8 |     1 |       ||    18
         Punch             |     2 |     4 |       |       ||     6
   Cast: Beastly Appendage |    29 |    16 |     2 |       ||    47
         Wereblood         |     3 |    13 |    15 |     2 ||    33
         Spider Form       |       |    11 |    13 |       ||    24
         Ice Form          |       |       |    21 |     8 ||    29
    Use: Potion            |       |       |       |     2 ||     2
   Stab: Sleeping          |     2 |       |       |       ||     2
 Armour: Skin              |    20 |    51 |    30 |    11 ||   112
  Dodge: Dodged            |    44 |   122 |   125 |    28 ||   319

Table legend: (Time is in decaauts)
 A = Elapsed time spent in this place.
 B = Non-inter-level travel time spent in this place.
 C = Inter-level travel time spent in this place.
 D = Time resting spent in this place.
 E = Time spent auto-exploring this place.
 F = Levels seen in this place.
 G = Mean time per level.
                   A        B        C        D        E       F      G
               +--------+--------+--------+--------+--------+-----+--------+
         Total |  11441 |  11246 |    195 |   4079 |   4837 |  10 | 1144.1 |
       Dungeon |  10622 |  10427 |    195 |   3594 |   4837 |   9 | 1180.2 |
         Sewer |    818 |    818 |      0 |    485 |      0 |   1 |  818.0 |
               +--------+--------+--------+--------+--------+-----+--------+

Top non-repeatable levels by time:
     D:6: 2257 daAuts
     D:3: 1548 daAuts
     D:7: 1498 daAuts
     D:4: 1235 daAuts
     D:8: 1177 daAuts
     D:1: 1017 daAuts
     D:2: 937 daAuts
     D:5: 905 daAuts
   Sewer: 818 daAuts
     D:9: 45 daAuts
